 Dungeon Sprint DCSS version 0.27-a0-46-g34d46f0a3f (webtiles) character file.

Game seed: 10476937022281860521

142 mhtbhm the Quickloader (level 5, 0/34 HPs)
             Began as a Kobold Hunter on Jan 7, 2021.
             Slain by a human
             ... wielding a +0 short sword
              (17 damage)
             ... in the Dungeon (Sprint III: "The Ten Rune Challenge").
             The game lasted 00:02:00 (739 turns).

mhtbhm the Quickloader (Kobold Hunter)               Turns: 739, Time: 00:02:01

Health: 0/34       AC:  3    Str: 10    XL:     5   Next: 49%
Magic:  5/5        EV: 16    Int: 12    God:
Gold:   16         SH:  0    Dex: 16    Spells: 4/4 levels left

rFire    . . .     SeeInvis .   a - +1 hand crossbow
rCold    . . .     Faith    .   (shield restricted)
rNeg     . . .     Spirit   .   c - +0 leather armour
rPois    .         Reflect  .   (no helmet)
rElec    .         Harm     .   (no cloak)
rCorr    .         Rampage  .   (no gloves)
Will     .....     NoTele   +   (no boots)
Stlth    +++.......             (no amulet)
HPRegen  0.11/turn              (no ring)
MPRegen  0.09/turn              (no ring)

@: no status effects
A: small, nightstalker 3
a: no special abilities


You were in the Dungeon.
You visited 1 branch You collected 16 gold pieces.

Inventory:

Hand Weapons
 a - a +1 hand crossbow (weapon)
 b - a +0 short sword
Missiles
 d - 8 bolts (quivered ammo)
Armour
 c - a +0 leather armour (worn)
Scrolls
 i - a scroll of holy word {unknown}
 l - a scroll of identify {unknown}
 m - 4 scrolls of remove curse
 o - a scroll of immolation {unknown}
Potions
 e - 2 potions of curing
 f - 3 potions of mutation {unknown}
 h - 3 potions of magic
 k - a potion of degeneration {unknown}
 n - a potion of attraction {unknown}


   Skills:
 + Level 4.5 Fighting
 + Level 11.3 Crossbows
 + Level 1.5 Armour
 + Level 3.6 Dodging
 + Level 1.4 Stealth


You had 4 spell levels left.
You didn't know any spells.
Your spell library contained the following spells:

 Spells                   Type           Power        Failure   Level
 Animate Skeleton         Necr           0%           41%         1
 Apportation              Tloc           0%           41%         1
 Corona                   Hex            0%           41%         1
 Summon Small Mammal      Summ           0%           41%         1
 Confusing Touch          Hex            0%           78%         3
 Gell's Gravitas          Tloc           0%           78%         3
 Petrify                  Tmut/Erth      0%           99%         4
 Metabolic Englaciation   Hex/Ice        0%           100%        5
 Yara's Violent Unravell  Hex/Tmut       0%           100%        5


Dungeon Overview and Level Annotations

Branches:
Dungeon (1/1)

Altars:
Kikubaaqudgha
Okawaru
Sif Muna
Trog
Uskayaw
Vehumet
Wu Jian
Beogh


Innate Abilities, Weirdness & Mutations

You are small and have problems with some larger weapons.
You are completely attuned to the shadows.


Message History

Okay, then.
Fire: 10 bolts
Press: ? - help, Q - select action Shift-Dir - straight line, f - human
Aim: a human, wielding a +0 short sword (berserk)
You shoot a bolt. The bolt barely misses the human.
Unknown command.
Fire: 9 bolts
Press: ? - help, Q - select action Shift-Dir - straight line, f/p - human
Aim: a human, wielding a +0 short sword (berserk)
You shoot a bolt. The bolt closely misses the human.
Unknown command.
The human rages.
The human hits you but does no damage. The human closely misses you.
The human rages.
The human completely misses you. The human closely misses you.
The human hits you with a +0 short sword!
Ouch! That really hurt!
You die...

▓▓▓▓▓▓▓▓▓ ▓<..#(..#### ####
▓...#......#####..# ___#
▓..##.......#..#..# __.
▓##.##.##...#..#..###+#(###
##.##.###..##'#..#.(..(...
▓#.####.##..###...'.⌠(p....
▓.###..##..####...#...#####
▓#.....##.@###p...#.⌠.#
###÷.##..p##.....#...#
##..##....#......#)###
#..###..##p#.....#..)# #..#
#.. ####....#___# ▓▓▓▓ ▓▓▓
▓▓▓▓▓▓▓▓▓▓


You could see 2 humans.

Vanquished Creatures
  A water elemental (D)
  A wizard (D)
  A human (D)
  A kobold demonologist (D)
  A wolf (D)
  An ooze (D)
  3 rats (D)
9 creatures vanquished.

Notes
Turn   | Place    | Note
-------+----------+-------------------------------------------
     0 | D        | mhtbhm the Kobold Hunter began the quest for the Orb.
     0 | D        | Reached XP level 1. HP: 12/12 MP: 1/1
     8 | D        | Reached skill level 6 in Crossbows
    40 | D        | Reached XP level 2. HP: 18/18 MP: 2/2
   131 | D        | Reached skill level 8 in Crossbows
   131 | D        | Reached XP level 3. HP: 22/22 MP: 3/3
   400 | D        | Noticed a water elemental
   429 | D        | Killed a water elemental
   430 | D        | Reached skill level 10 in Crossbows
   430 | D        | Reached skill level 1 in Armour
   430 | D        | Reached XP level 4. HP: 7/29 MP: 4/4
   430 | D        | Reached XP level 5. HP: 8/33 MP: 5/5
   676 | D        | Found a radiant altar of Vehumet.
   676 | D        | Found a shimmering blue altar of Sif Muna.
   676 | D        | Found an ancient bone altar of Kikubaaqudgha.
   680 | D        | Reached skill level 11 in Crossbows
   720 | D        | Found a hide-covered altar of Uskayaw.
   720 | D        | Found a roughly hewn altar of Beogh.
   720 | D        | Found an iron altar of Okawaru.
   720 | D        | Found a bloodstained altar of Trog.
   720 | D        | Found an ornate altar of the Wu Jian Council.
   720 | D        | Noticed a human
   720 | D        | Noticed a human
   739 | D        | Slain by a human

Illustrated notes

Levels and vault maps discovered:
D:        dungeon_sprint_mu [sprint_mu_entry_cave, sprint_mu_temple_rooms,
          sprint_mu_d1_spiders, sprint_mu_d2_genie, sprint_mu_d3_branching,
          sprint_mu_orc_legion, sprint_mu_elf_gauntlet, sprint_mu_hive_nellie,
          sprint_mu_lair_fedhas, sprint_mu_vaults_butterflies,
          sprint_mu_slime_circle, sprint_mu_shoals_archi,
          sprint_mu_snake_twists, sprint_mu_blade_basic,
          sprint_mu_crypt_chambers, sprint_mu_tomb_spiral,
          sprint_mu_vestibule_basic, sprint_mu_gehenna_hellfire,
          sprint_mu_dis_giant, sprint_mu_tartarus_statrot,
          sprint_mu_cocytus_islands, sprint_mu_zot1]

Skill      XL: |  1  2  3  4  5 |
---------------+----------------+-----
Crossbows      | 6 8 10 11 | 11.3
Dodging        | 3 |  3.6
Fighting       | 4 |  4.5
Armour         | 1 |  1.5
Stealth        | |  1.4

Action                   |  1- 3 |  4- 6 || total
-------------------------+-------+-------++-------
Melee: Short sword       |     4 |       ||     4
 Fire: Hand crossbow     |    38 |    13 ||    51
  Use: Potion            |     3 |       ||     3
       Scroll            |       |     1 ||     1
Armor: Leather armour    |     4 |     1 ||     5
Dodge: Dodged            |    18 |     7 ||    25

Table legend: (Time is in decaauts)
 A = Elapsed time spent in this place.
 B = Non-inter-level travel time spent in this place.
 C = Inter-level travel time spent in this place.
 D = Time resting spent in this place.
 E = Time spent auto-exploring this place.
 F = Levels seen in this place.
 G = Mean time per level.
                   A        B        C        D        E       F      G
               +--------+--------+--------+--------+--------+-----+--------+
         Total |    731 |    731 |      0 |    448 |     14 |   1 |  731.0 |
       Dungeon |    731 |    731 |      0 |    448 |     14 |   1 |  731.0 |
               +--------+--------+--------+--------+--------+-----+--------+

Top non-repeatable levels by time:
       D: 731 daAuts
